 Dungeon Crawl Stone Soup version 0.21.1-1-g345015f (webtiles) character file.

18 shakethe the Firebug (level 2, 0/15 HPs)
             Began as a Tengu Fire Elementalist on Feb 9, 2018.
             Slain by a bat (1 damage)
             ... on level 1 of the Dungeon.
             The game lasted 00:02:00 (645 turns).

shakethe the Firebug (Tengu Fire Elementalist)       Turns: 645, Time: 00:02:01

Health: 0/15       AC:  2    Str:  8    XL:     2   Next: 66%
Magic:  1/6        EV: 12    Int: 15    God:
Gold:   17         SH:  0    Dex: 14    Spells: 4/5 levels left

rFire    . . .     SeeInvis .   (no weapon)
rCold    . . .     Gourm    .   (no shield)
rNeg     . . .     Faith    .   a - +0 robe
rPois    .         Spirit   .   (helmet restricted)
rElec    .         Reflect  .   (no cloak)
rCorr    .         Harm     .   (no gloves)
MR       .....                  (boots unavailable)
Stlth    ++........             (no amulet)
HPRegen  0.05/turn              (no ring)
MPRegen  0.10/turn              (no ring)

@: no status effects
A: beak, talons 3
a: no special abilities


You were on level 1 of the Dungeon.
You were not hungry.

You visited 1 branch of the dungeon, and saw 1 of its levels.

You collected 17 gold pieces.

Inventory:

Hand Weapons
 f - a +0 club
   (You found it on level 1 of the Dungeon)
Armour
 a - a +0 robe (worn)
Scrolls
 d - a scroll of blinking {unknown}
 g - a scroll of immolation {unknown}
 h - a scroll of random uselessness {unknown}
Potions
 e - a potion of curing {unknown}
Books
 b - a book of Flames
Comestibles
 c - 4 rations


   Skills:
 - Level 2.1 Dodging
 - Level 2.0 Stealth
 - Level 2.0 Spellcasting
 + Level 2.6 Conjurations
 + Level 3.8 Fire Magic


You had 4 spell levels left.
You knew the following spells:

 Your Spells              Type           Power        Failure   Level  Hunger
a - Flame Tongue          Conj/Fire      ##...        6%          1    #......


Dungeon Overview and Level Annotations

Branches:
Dungeon (1/15)

Altars:


Innate Abilities, Weirdness & Mutations

You have a beak for a mouth.
You have claws for feet.


Message History

The bat closely misses you.
Aim: a hobgoblin The flame tongue misses the bat.
The flame tongue hits the hobgoblin.
The bat hits you but does no damage. The kobold closely misses you.
The bat hits you but does no damage.
You now have 1/6 mp.
The bat misses you.
Aim: a hobgoblin (almost dead)
The flame tongue hits the kobold.
The kobold appears unharmed.
The bat misses you. The kobold hits you. The bat hits you but does no damage.
You take 1 damage, and have 10/15 hp.
You now have 0/6 mp.
The bat closely misses you. The kobold closely misses you.
The bat hits you but does no damage. The bat closely misses you.
The bat barely misses you. x2
The bat hits you.
You take 1 damage, and have 9/15 hp.
The bat hits you but does no damage. The bat closely misses you.
The bat misses you.
Your magical contamination has completely faded away.
The bat hits you but does no damage. The bat hits you.
You take 1 damage, and have 8/15 hp.
The bat hits you. The bat closely misses you. The bat closely misses you.
The bat barely misses you. The bat misses you. The bat closely misses you.
The bat hits you but does no damage. The bat barely misses you.
The bat hits you but does no damage. The bat barely misses you.
The bat barely misses you. The bat hits you.
You take 1 damage, and have 7/15 hp.
The bat hits you but does no damage. The bat barely misses you.
The bat barely misses you.
Aim: a hobgoblin (almost dead)
The flame tongue misses the hobgoblin.
The flame tongue hits the kobold.
You kill the kobold!
The bat hits you but does no damage. The hobgoblin closely misses you.
You now have 1/6 mp.
Aim: a hobgoblin (almost dead)
The flame tongue misses the hobgoblin.
The flame tongue hits the bat.
The bat appears unharmed.
The bat barely misses you. The bat misses you. The hobgoblin hits you.
You take 1 damage, and have 6/15 hp.
You now have 0/6 mp.
You don't have enough magic to cast that spell.
The bat closely misses you. The hobgoblin hits you.
* * * LOW HITPOINT WARNING * * *
You take 2 damage, and have 4/15 hp.
The bat closely misses you. The bat misses you.
The bat hits you but does no damage. The bat hits you but does no damage.
The bat closely misses you. The bat hits you.
* * * LOW HITPOINT WARNING * * *
You take 1 damage, and have 4/15 hp.
The bat closely misses you. The bat hits you but does no damage.
The bat closely misses you. The bat hits you but does no damage.
The bat closely misses you.
Aim: a hobgoblin (heavily wounded)
The flame tongue hits the hobgoblin.
You kill the hobgoblin!
The bat closely misses you.
You now have 1/6 mp.
Aim: a bat The flame tongue hits the bat.
The bat appears unharmed.
The bat hits you but does no damage. The bat misses you.
You now have 0/6 mp.
You don't have enough magic to cast that spell.
The bat closely misses you. The bat barely misses you. The bat hits you.
* * * LOW HITPOINT WARNING * * *
You take 1 damage, and have 3/15 hp.
The bat hits you but does no damage. The bat barely misses you.
The bat completely misses you. The bat closely misses you.
The bat hits you but does no damage. x2
The bat hits you but does no damage. The bat hits you but does no damage.
The bat misses you. The bat hits you.
* * * LOW HITPOINT WARNING * * *
You take 1 damage, and have 3/15 hp.
Aim: a bat The flame tongue misses the bat.
The bat hits you.
* * * LOW HITPOINT WARNING * * *
You take 1 damage, and have 2/15 hp.
You now have 0/6 mp.
The bat hits you but does no damage. The bat closely misses you.
The bat barely misses you. The bat hits you.
* * * LOW HITPOINT WARNING * * *
You take 1 damage, and have 1/15 hp.
The bat closely misses you. The bat hits you.
You die...

.................#
......≈≈≈≈.......#
......≈≈≈........#
......≈≈≈........#
.....≈≈≈≈........#
♣♣♣♣♣≈≈≈♣♣♣♣♣♣##.#
≈≈≈≈♣♣ #.# ≈≈≈♣♣ #b#
≈♣♣ #@# # ###
#######.# #####.##
#.......# ##.....#
#.####..#
##.##..###.####..###
#..##..............#
......####.####..#.#
#... #.#####
#.####..#.# #... #.#
#.......#.##### #...


You could see a bat.

Vanquished Creatures
  A dart slug (D:1)
  A leopard gecko (D:1)
  2 giant cockroaches (D:1)
  2 goblins (D:1)
  2 hobgoblins (D:1)
  2 kobolds (D:1)
  2 bats (D:1)
  A frilled lizard (D:1)
13 creatures vanquished.

Notes
Turn   | Place    | Note
-------+----------+-------------------------------------------
     0 | D:1      | shakethe the Tengu Fire Elementalist began the quest for the Orb.
     0 | D:1      | Reached XP level 1. HP: 10/10 MP: 4/4
   105 | D:1      | HP: 1/10 [dart slug/slug dart (6)]
   178 | D:1      | Reached skill level 2 in Conjurations
   178 | D:1      | Reached XP level 2. HP: 5/15 MP: 0/6
   632 | D:1      | HP: 3/15 [bat (1)]
   640 | D:1      | HP: 3/15 [bat (1)]
   643 | D:1      | HP: 1/15 [bat (1)]
   645 | D:1      | Slain by a bat

Skill      XL: |  1 |
---------------+----+-----
Conjurations   | 2 |  2.6
Dodging        | |  2.1
Stealth        | |  2.0
Spellcasting   | |  2.0
Fire Magic     | |  3.8

Action                   || total
-------------------------++-------
Melee: Unarmed           ||     2
 Cast: Flame Tongue      ||    27
Armor: Robe              ||    22
Dodge: Dodged            ||    48

Vault maps used:
D:1:      lemuel_arrival_river_bridge, minmay_misc_feat_tiny

Table legend:
 A = Turns spent in this place as a percentage of turns spent in the entire game.
 B = Non-inter-level travel turns spent in this place as a percentage of non-inter-level travel turns spent in the entire game.
 C = Inter-level travel turns spent in this place as a percentage of turns spent in this place.
 D = Turns resting spent in this place as a percentage of non-inter-level travel turns spent in this place.
 E = Turns spent auto-exploring this place as a percentage of non-inter-level travel turns spent in this place.
 F = Non-inter-level travel turns spent in this place divided by the number of levels of this place that you've seen.
                   A       B       C       D       E      F
               +-------+-------+-------+-------+-------+----------------------
         Total | 100.0 | 100.0 |   0.0 |  37.4 |  30.7 | 645.0
       Dungeon | 100.0 | 100.0 |   0.0 |  37.4 |  30.7 | 645.0
               +-------+-------+-------+-------+-------+----------------------

Table legend:
 A = Kills in this place as a percentage of kills in entire the game.
 B = Kills by you in this place as a percentage of kills by you in the entire game.
 C = Kills by friends in this place as a percentage of kills by friends in the entire game.
 D = Other kills in this place as a percentage of other kills in the entire game.
 E = Experience gained in this place as a percentage of experience gained in the entire game.
 F = Experience gained in this place divided by the number of levels of this place that you have seen.
                   A       B       C       D       E      F
               +-------+-------+-------+-------+-------+----------------------
         Total | 100.0 | 100.0 |   N/A |   N/A | 100.0 |  26.0
       Dungeon | 100.0 | 100.0 |   N/A |   N/A | 100.0 |  26.0
               +-------+-------+-------+-------+-------+----------------------
